 Dungeon Crawl Stone Soup version 0.31.0-11-ge490571c62 (webtiles) character file.

Game seed: 17448667107152091085

36 qw the Shooter (level 3, 0/18 HPs)
             Began as a Spriggan Hunter on Feb 3, 2024.
             Slain by Robin
             ... wielding a +3 dagger of protection
              (2 damage)
             ... on level 2 of the Dungeon.
             The game lasted 00:00:03 (911 turns).

qw the Shooter (Spriggan Hunter)                     Turns: 911, Time: 00:00:03

Health: 0/18       AC:  2    Str:  7    XL:     3   Next: 19%
Magic:  4/4        EV: 19    Int: 10    God:
Gold:   76         SH:  0    Dex: 20    Spells: 2/2 levels left

rFire   . . .        a - +0 shortbow
rCold   . . .        (shield currently unavailable)
rNeg    . . .        c - +0 robe
rPois   .            (helmet restricted)
rElec   .            (no cloak)
rCorr   .            (gloves unavailable)
SInv    +            (boots unavailable)
Will    .....        (no amulet)
Stlth   ++           (no ring)
HPRegen 0.23/turn    (no ring)
MPRegen 0.09/turn

%: no passive effects
@: very quick
A: very small, no large weapons, unfitting armour, see invisible, speed 3
a: no special abilities


You were on level 2 of the Dungeon.
You visited 1 branch of the dungeon, and saw 2 of its levels.

You collected 76 gold pieces.


Innate Abilities, Weirdness & Mutations

You are very small and have problems with some larger weapons.
You are too small for most types of armour.
You have supernaturally acute eyesight. (SInv)
You cover ground extremely quickly. (Speed+++)


   Skills:
 - Level 1.5 Fighting
 + Level 4.5 Ranged Weapons
 - Level 4.0 Dodging
 - Level 1.5 Stealth


You had 2 spell levels left.
You didn't know any spells.
Your spell library was empty.

Inventory:

Hand Weapons
 a - a +0 shortbow (weapon)
Armour
 c - a +0 robe (worn)
Wands
 b - a wand of quicksilver (8)
Scrolls
 d - a scroll of blinking {unknown}
Potions
 h - 2 potions of ambrosia {unknown}

Dungeon Overview and Level Annotations

Branches:
Dungeon (2/15)

Altars:

Annotations:
D:2 Robin


Message History

The goblin wields a +0 club.
The goblin misses you.
You shoot an arrow. The arrow hits the goblin.
You kill the goblin!
The goblin misses you.
Robin says, "Kneel, worm!"
The goblin hits you with a +0 dagger.
You shoot an arrow. The arrow closely misses the goblin.
The arrow hits Robin.
Robin is moderately wounded.
The goblin closely misses you. Robin throws the goblin at you!
The goblin closely misses you.
You shoot an arrow. The arrow hits the goblin.
You kill the goblin!
A hobgoblin comes into view.
The goblin hits you but does no damage.
Robin roars a battlecry!
The hobgoblin goes into a battle-frenzy!
The goblin misses you.
You shoot an arrow. The arrow barely misses Robin.
The arrow barely misses the goblin.
The arrow barely misses the hobgoblin.
The goblin misses you. Robin barely misses you.
You shoot an arrow. The arrow hits Robin!
Robin is severely wounded.
The hobgoblin no longer looks unusually strong.
The goblin no longer looks unusually strong.
The goblin completely misses you. Robin throws the goblin at you!
You shoot an arrow.
The arrow hits Robin but does no damage.
Robin is severely wounded.
The goblin hits you with a +0 dagger. The goblin closely misses you.
Robin hits you with a +3 dagger of protection.
You shoot an arrow. The arrow barely misses Robin.
The arrow hits the hobgoblin.
The hobgoblin is almost dead.
The goblin misses you. The goblin hits you but does no damage.
Robin closely misses you.
You shoot an arrow. The arrow hits Robin.
Robin is almost dead.
The goblin hits you but does no damage.
Robin hits you with a +3 dagger of protection.
You die...
Robin calls out, "Let's celebrate!
Time for a feast!"

##### #...# #...# #...#
#...# ....# ....# ##
....###############...#.
..............>g@ggg).).
#...#.#######..g###.#...
..#.#.#######.......#
....#............####
.##..########....#
.......#...###.#.#
######...#.###.#.# ###
#...#..(....# ..#
##..#####.###


You could see Robin, 2 hobgoblins and 2 goblins.

Vanquished Creatures
  2 dart slugs
  3 endoplasms
  7 goblins
  4 hobgoblins
  A quokka (D:1)
  3 ball pythons
  2 bats
  2 frilled lizards
  2 kobolds (D:1)
  4 rats
30 creatures vanquished.

Notes
Turn   | Place    | Note
-------+----------+-------------------------------------------
     0 | D:1      | qw the Spriggan Hunter began the quest for the Orb.
     0 | D:1      | Reached XP level 1. HP: 10/10 MP: 2/2
     0 | D:1      | 0 ||| qw: Version: 0.3-a-158-g18b3111
     0 | D:1      | 0 ||| qw: Game counter: 4290
     0 | D:1      | 0 ||| qw: Melee chars always use a shield: true
     0 | D:1      | 0 ||| qw: God list: Okawaru
     0 | D:1      | 0 ||| qw: Allow faded altars: false
     0 | D:1      | 0 ||| qw: Do Orc after clearing Dungeon:15 true
     0 | D:1      | 0 ||| qw: Do second Lair branch before Depths: true
     0 | D:1      | 0 ||| qw: Lair rune preference: random
     0 | D:1      | 0 ||| qw: Goals: Normal
     0 | D:1      | 0 ||| PLANNING D:1-11
    49 | D:1      | Reached skill level 3 in Dodging
   246 | D:1      | Reached XP level 2. HP: 14/14 MP: 3/3
   338 | D:1      | Found a faded altar of an unknown god.
   620 | D:1      | 620 ||| READING 2 scrolls labelled VEWKAF NUENIDI.
   620 | D:1      | 620 ||| IDENTIFYING emerald potion
   621 | D:1      | 621 ||| READING scroll of identify.
   621 | D:1      | 621 ||| IDENTIFYING blue potion
   622 | D:1      | 622 ||| READING 2 scrolls labelled MUAFEN UXZED.
   623 | D:1      | 623 ||| DROPPING scroll of butterflies.
   624 | D:1      | 624 ||| DROPPING potion of lignification.
   625 | D:1      | 625 ||| DROPPING scroll of poison.
   627 | D:1      | 627 ||| Stepping ~*~*~tactically~*~*~ (cloud).
   628 | D:1      | 628 ||| DRINKING potion of curing.
   628 | D:1      | 628 ||| (to cure poison)
   896 | D:2      | Noticed Robin
   897 | D:2      | Reached XP level 3. HP: 18/18 MP: 4/4
   909 | D:2      | HP: 1/18 [Robin/+3 dagger of protection (4)]
   911 | D:2      | Slain by Robin

Levels and vault maps discovered:
D:1:      minmay_arrival_hallway, layout_basic, basic_ecumenical_altar
D:2:      layout_basic, uniq_robin, uniq_terence, uniq_sigmund

Skill      XL: |  1  2 |
---------------+-------+-----
Dodging        | 3 4 |  4.0
Fighting       | |  1.5
Ranged Weapons | |  4.5
Stealth        | |  1.5

Action                     || total
---------------------------++-------
   Fire: Shortbow          ||    73
    Use: Scroll            ||     3
         Potion            ||     1
 Armour: Robe              ||    22
  Dodge: Dodged            ||    31

Table legend:
 A = Non-vault XP
 B = Vault XP
 C = Vault XP percentage of total XP
 D = Non-vault monster count
 E = Vault monster count
 F = Vault count percentage of total count
                 A         B        C        D         E       F
            +---------+---------+-------+---------+---------+-------
      Total |      39 |      13 |  25.0 |      23 |       7 |  23.3
            +---------+---------+-------+---------+---------+-------
        D:1 |      26 |       0 |   0.0 |      15 |       0 |   0.0
        D:2 |      13 |      13 |  50.0 |       8 |       7 |  46.7
            +---------+---------+-------+---------+---------+-------
